Map: Polka LE

Players

qqq - Winner!

  • Race: Zerg Zerg
  • Spawn Location: 11:00

Massa - Winner!

  • Race: Terran Terran
  • League: Platinum
  • Spawn Location: 11:00

Jimmy

  • Race: Zerg Zerg
  • Spawn Location: 5:00

PHs

  • Race: Terran Terran
  • Spawn Location: 5:00

VOD

Have the link to the VOD?

Description

Time

  • Played on: Nov. 12, 2020, 3:30 p.m.
  • Length: 16:52
Show
View Real Time Build Order
Export as new Build Order

qqq Zerg - Winner!

Build Orders: Hatch First 

Get SALT Encoding   

  12  0:03  Drone  
  13  0:08  Drone  
  14  0:38  Hatchery  
  13  0:45  Drone  
  14  0:57  Spawning Pool  
  13  1:05  Overlord  
  13  1:12  Drone  
  14  1:23  Drone  
  15  1:29  Drone x2  
  15  1:31  Extractor  
  16  1:49  Drone  
  16  1:50  Drone  
  16  1:51  Drone  
  16  1:52  Queen  
  21  2:00  Drone  
  22  2:07  Queen  
  24  2:18  Drone x2  
  24  2:20  Drone  
  27  2:31  Drone  
  27  2:34  Overlord x2  
  28  2:46  Zergling x2  
  28  2:47  Metabolic Boost  
  28  2:52  Zergling x2  
  28  2:53  Zergling x2  
  28  2:58  Zergling x2  
  31  2:59  Zergling x2  
  32  3:07  Zergling x2  
  32  3:08  Zergling x6  
  32  3:12  Zergling x2  
  37  3:19  Zergling x2  
  38  3:20  Zergling x2  
  39  3:27  Zergling x2  
  39  3:28  Zergling x4  
  39  3:32  Zergling x2  
  39  3:33  Zergling x2  
  44  3:39  Lair, Baneling Nest  
  44  3:40  Zergling x2  
  44  3:56  Overlord  
  42  4:03  Zergling x2  
  42  4:04  Overlord x2  
  43  4:18  Zergling x10  
  43  4:19  Zergling x4  
  35  4:49  Zergling x8  
  35  4:50  Drone x3  
  35  4:51  Drone  
  42  4:57  Spire  
  42  4:59  Drone, Extractor  
  41  5:07  Baneling  
  41  5:08  Baneling  
  41  5:22  Baneling  
  41  5:25  Hatchery  
  41  5:28  Drone x4  
  42  5:29  Drone  
  42  5:32  Drone  
  42  5:34  Drone  
  47  5:37  Baneling  
  47  5:38  Baneling  
  47  5:39  Baneling  
  47  5:49  Drone x4  
  51  5:52  Zergling x2  
  48  6:14  Mutalisk x2  
  48  6:16  Zergling x6  
  54  6:19  Baneling  
  54  6:22  Drone x2  
  54  6:23  Drone  
  54  6:24  Zergling x2  
  43  6:41  Mutalisk  
  31  6:55  Mutalisk  
  31  6:56  Zergling x2  
  31  6:57  Drone x2  
  31  6:59  Queen  
  38  7:19  Mutalisk  
  38  7:21  Zergling x2  
  38  7:22  Drone x3  
  43  7:32  Mutalisk  
  45  7:38  Hatchery  
  45  7:41  Extractor  
  45  7:42  Extractor  
  42  7:46  Spore Crawler  
  42  7:48  Drone x2  
  43  7:53  Hatchery  
  43  7:58  Zerg Flyer Weapons Level 1  
  42  8:00  Drone  
  43  8:06  Drone  
  44  8:17  Mutalisk  
  44  8:19  Drone x3  
  49  8:31  Mutalisk  
  49  8:32  Mutalisk  
  53  8:36  Drone  
  53  8:49  Extractor  
  53  8:50  Corruptor  
  53  8:51  Extractor  
  53  8:54  Drone  
  54  8:57  Drone  
  54  9:01  Drone  
  56  9:10  Infestation Pit  
  56  9:15  Corruptor  
  57  9:20  Drone  
  57  9:21  Drone  
  59  9:25  Drone  
  59  9:28  Drone  
  59  9:31  Drone  
  62  9:39  Corruptor  
  64  9:45  Spore Crawler  
  64  9:46  Drone  
  64  9:48  Drone  
  65  9:55  Corruptor  
  65  9:58  Drone  
  68  10:04  Drone x2  
  68  10:05  Drone  
  71  10:09  Overlord  
  71  10:22  Overlord  
  71  10:23  Overlord  
  71  10:28  Hive  
  71  10:30  Drone  
  71  10:32  Drone  
  73  10:39  Corruptor  
  75  10:42  Corruptor  
  75  10:45  Drone  
  78  10:53  Drone x4  
  78  10:54  Drone  
  78  10:55  Drone  
  84  11:00  Spore Crawler  
  84  11:02  Drone  
  84  11:03  Drone  
  86  11:04  Drone  
  86  11:10  Corruptor  
  88  11:13  Mutalisk  
  88  11:15  Drone  
  88  11:17  Drone  
  93  11:18  Drone  
  93  11:20  Zergling x2  
  93  11:21  Drone  
  93  11:23  Drone  
  96  11:38  Overlord x2  
  96  11:46  Spine Crawler  
  95  11:48  Spine Crawler  
  95  11:49  Spine Crawler  
  95  11:51  Mutalisk  
  95  11:53  Overlord  
  95  11:54  Drone  
  95  11:57  Spine Crawler  
  95  12:04  Mutalisk x3  
  95  12:06  Drone x4  
  95  12:07  Drone x2  
  107  12:08  Viper  
  107  12:11  Overlord  
  110  12:17  Viper x2  
  116  12:27  Mutalisk x2  
  116  12:29  Drone x4  
  124  12:33  Extractor x2  
  124  12:36  Evolution Chamber  
  121  12:39  Zerg Flyer Weapons Level 2, Evolution Chamber  
  121  12:40  Ultralisk Cavern  
  119  12:44  Drone x2  
  121  13:04  Mutalisk x2  
  125  13:06  Corruptor  
  125  13:07  Zergling x2  
  125  13:09  Hatchery, Overlord  
  125  13:10  Overlord  
  127  13:13  Zerg Melee Weapons Level 1  
  127  13:14  Zerg Ground Armor Level 1  
  120  13:47  Mutalisk x4  
  120  13:48  Mutalisk x2  
  130  13:49  Drone x5  
  130  13:50  Drone  
  114  14:37  Drone x3  
  114  14:38  Drone x4  
  121  14:48  Drone, Queen  
  121  14:49  Mutalisk x4  
  132  14:55  Drone x4  
  132  14:56  Drone  
  132  14:57  Anabolic Synthesis  
  137  15:01  Ultralisk  
  141  15:26  Ultralisk  
  141  15:27  Zergling x6, Overlord  
  150  15:35  Overlord  
  150  15:44  Overlord x2  
  150  15:45  Drone x2  
  150  15:46  Drone  
  153  16:10  Ultralisk x3  
  154  16:31  Zergling x4  
  154  16:32  Drone x2  
  156  16:33  Drone x7  
Show
View Real Time Build Order
Export as new Build Order

Massa Terran - Winner!

Build Orders:  

Get SALT Encoding   

  12  0:00  SCV  
  13  0:12  SCV  
  14  0:24  SCV, Supply Depot  
  15  0:43  Refinery  
  15  0:46  SCV  
  15  0:48  Barracks  
  16  0:58  SCV  
  17  1:10  SCV  
  18  1:22  SCV  
  19  1:34  SCV, Marine  
  21  1:43  Command Center  
  21  1:50  Factory  
  21  1:53  SCV  
  22  2:05  Reaper  
  22  2:07  Orbital Command  
  23  2:24  Supply Depot  
  23  2:29  Supply Depot  
  23  2:46  SCV  
  23  2:48  Hellion  
  23  2:49  Barracks Reactor  
  26  2:56  Orbital Command  
  27  2:58  SCV  
  27  3:09  Starport  
  27  3:10  Hellion  
  29  3:14  SCV  
  30  3:26  SCV  
  31  3:31  SCV, Hellion  
  34  3:39  SCV  
  35  3:43  SCV  
  35  3:52  Widow Mine  
  35  3:55  SCV x2  
  39  4:07  SCV  
  39  4:08  SCV  
  35  4:19  Hellion  
  35  4:36  SCV x2  
  37  4:40  Hellion  
  39  4:45  Liberator  
  39  4:46  Barracks x2  
  39  4:48  SCV x2, Barracks, Factory  
  40  5:22  Refinery  
  40  5:23  Refinery  
  40  5:27  Marine x2  
  42  5:31  Medivac  
  44  5:36  Supply Depot x2  
  44  5:39  Factory Tech Lab  
  44  5:41  Command Center  
  44  5:42  Barracks Tech Lab  
  44  5:44  Marine x2  
  44  5:45  Marine x2  
  48  5:58  Supply Depot  
  48  6:01  Marine, Supply Depot  
  48  6:02  Marine x3  
  54  6:18  Marauder  
  54  6:19  Marine  
  54  6:20  Marine x2  
  54  6:24  Supply Depot  
  58  6:26  Marine, Siege Tank  
  58  6:37  Marine  
  58  6:38  Marine  
  62  6:40  Marauder  
  59  6:55  Marine x2  
  59  6:58  Widow Mine  
  62  7:01  Marauder  
  62  7:13  Marine x2  
  59  7:19  Widow Mine  
  57  7:23  Marauder  
  57  7:26  Factory Reactor  
  57  7:30  Marine  
  57  7:31  Marine  
  59  7:41  Barracks  
  59  7:42  Supply Depot  
  61  7:44  SCV x2, Marauder  
  61  7:45  Supply Depot  
  61  7:47  Orbital Command  
  61  7:48  Marine  
  61  7:49  Marine  
  65  7:52  Medivac  
  65  7:53  Engineering Bay  
  65  7:54  Stimpack  
  65  7:55  Siege Tank  
  65  7:56  SCV x2  
  72  8:05  Widow Mine x2, Marauder  
  78  8:06  Marine  
  78  8:07  Marine  
  78  8:08  SCV  
  78  8:09  SCV  
  82  8:22  Medivac  
  82  8:24  Marine x2  
  82  8:26  Widow Mine x2, Marine  
  91  8:27  Missile Turret  
  91  8:28  Refinery, Cyclone  
  91  8:31  Missile Turret  
  91  8:32  Missile Turret  
  91  8:33  Orbital Command, Missile Turret  
  91  8:34  Missile Turret  
  94  8:37  Missile Turret  
  94  8:43  Barracks Reactor  
  94  8:44  Barracks Reactor, Marine  
  94  8:48  Widow Mine  
  97  8:49  Barracks  
  97  8:52  Barracks  
  97  9:00  Barracks  
  97  9:04  Widow Mine  
  97  9:06  Siege Tank  
  97  9:08  Marauder  
  97  9:09  Widow Mine  
  106  9:22  Barracks Tech Lab  
  106  9:24  Armory  
  106  9:25  Terran Infantry Weapons Level 1  
  106  9:26  Widow Mine  
  106  9:28  Starport Reactor  
  106  9:29  Engineering Bay  
  108  9:37  Missile Turret  
  108  9:41  Supply Depot x2  
  108  9:47  SCV, Supply Depot x2  
  108  9:48  Supply Depot  
  108  9:49  Supply Depot  
  108  9:51  Supply Depot  
  109  9:57  Missile Turret  
  109  10:02  Widow Mine, SCV x2, Marauder, Marine x2  
  109  10:03  SCV, Marauder  
  120  10:14  SCV x2  
  120  10:15  SCV  
  120  10:16  Missile Turret  
  123  10:24  Marauder  
  123  10:26  SCV x2  
  123  10:28  Barracks Reactor, Barracks Tech Lab  
  127  10:29  Barracks Reactor  
  127  10:30  Marauder, Marine x4  
  127  10:34  Siege Tank  
  140  10:35  Widow Mine  
  140  10:36  Widow Mine  
  140  10:43  Terran Infantry Armor Level 1  
  140  10:45  Marauder  
  140  10:46  Drilling Claws  
  140  10:48  Marine x3  
  145  10:51  Marauder  
  149  10:57  Widow Mine  
  149  11:06  Siege Tank  
  152  11:12  Missile Turret x2  
  152  11:14  Missile Turret  
  152  11:16  Missile Turret  
  150  11:21  Combat Shield  
  150  11:23  Concussive Shells  
  150  11:25  Marauder, Marine x3  
  154  11:26  Marauder, Marine x3  
  160  11:46  Refinery  
  160  11:47  Marauder x2  
  160  11:48  Refinery, Marine  
  165  12:00  Terran Infantry Weapons Level 2  
  165  12:01  Supply Depot x2  
  165  12:02  Terran Vehicle Weapons Level 1  
  165  12:03  Supply Depot  
  165  12:09  Command Center  
  165  12:22  Marine x2, Thor  
  165  12:23  Widow Mine x2, Marine x4  
  165  12:24  Marine x2  
  165  12:25  SCV x2, Marauder x2, Supply Depot  
  165  12:27  Supply Depot  
  165  12:29  Supply Depot  
  189  12:45  Sensor Tower  
  189  12:46  SCV x2, Marine x6  
  189  12:49  SCV, Marauder, Sensor Tower  
  189  12:50  Supply Depot  
  200  12:53  Widow Mine  
  200  12:55  Missile Turret  
  200  13:27  Widow Mine  
  166  13:40  Marauder  
  166  13:41  Marauder x2, Marine x2  
  166  13:42  Siege Tank  
  159  14:01  Marine  
  159  14:02  Marauder x3  
  122  14:10  Widow Mine x2  
  122  14:13  Marine  
  122  14:14  Marine x6, Siege Tank  
  136  14:23  Marauder x2  
  136  14:24  Marauder  
  142  14:32  Widow Mine x2  
  146  14:38  Marine  
  146  14:39  Marine x7  
  146  14:45  SCV x2, Marauder x3  
  160  14:46  SCV, Siege Tank  
  166  14:53  Widow Mine x2  
  166  14:56  Marine x2  
  166  14:57  SCV, Marine x6  
  166  14:58  SCV x2  
  181  15:06  Orbital Command, Marauder x2, Marine  
  186  15:09  Missile Turret  
  186  15:10  SCV x3  
  189  15:14  Marine x2  
  189  15:15  Marine x2  
  189  15:18  Siege Tank  
  196  15:22  SCV x3  
  195  15:50  Siege Tank  
  128  16:12  Marauder x2  
  128  16:13  Marauder, Marine x5  
  128  16:16  Widow Mine x2  
Show
View Real Time Build Order
Export as new Build Order

Jimmy Zerg 

Build Orders: Pool First, Muta Ling Bane 

Get SALT Encoding   

  12  0:01  Drone  
  13  0:13  Overlord  
  13  0:17  Drone  
  14  0:31  Drone  
  14  0:32  Drone  
  16  0:38  Drone  
  17  0:46  Spawning Pool  
  17  0:48  Drone  
  17  1:12  Hatchery  
  17  1:16  Extractor, Drone  
  16  1:21  Drone  
  16  1:22  Drone  
  18  1:29  Drone  
  19  1:36  Queen  
  21  1:43  Overlord  
  21  1:54  Zergling x2  
  22  2:02  Drone  
  22  2:03  Extractor  
  22  2:12  Queen  
  24  2:18  Drone  
  24  2:19  Metabolic Boost  
  25  2:26  Drone  
  26  2:31  Drone  
  27  2:48  Drone x2  
  29  2:53  Drone x2  
  29  2:57  Lair  
  31  3:00  Baneling Nest  
  31  3:03  Drone  
  31  3:06  Drone  
  31  3:07  Overlord  
  32  3:15  Overlord x2  
  32  3:17  Zergling x2  
  32  3:34  Zergling x6  
  32  3:35  Zergling x6  
  38  3:44  Zergling x4  
  40  3:48  Baneling  
  40  3:49  Baneling  
  40  3:54  Baneling x2  
  40  3:55  Baneling  
  40  4:05  Zergling x2  
  40  4:06  Zergling x14  
  40  4:07  Zergling x2  
  48  4:20  Zergling x4  
  46  4:31  Zergling x4  
  38  4:49  Zergling x10  
  43  5:13  Queen  
  43  5:14  Drone x3  
  47  5:18  Centrifical Hooks  
  47  5:21  Spire  
  47  5:27  Drone  
  48  5:31  Drone  
  48  5:32  Hatchery  
  49  5:35  Zergling x4  
  49  5:36  Zergling x6  
  53  5:49  Drone x2  
  55  5:51  Overlord  
  55  5:52  Overlord  
  55  6:04  Baneling x5  
  55  6:05  Baneling x3  
  55  6:06  Zergling x6  
  53  6:20  Spore Crawler  
  53  6:24  Spore Crawler x2  
  40  6:44  Mutalisk x3  
  40  6:45  Mutalisk  
  40  6:46  Zergling x4  
  43  6:54  Zergling x4  
  43  6:55  Zergling x2  
  43  6:59  Drone  
  41  7:06  Spore Crawler  
  41  7:15  Zergling x4  
  41  7:16  Zergling x4  
  44  7:25  Zergling x6  
  47  7:34  Corruptor  
  49  7:38  Drone  
  50  7:51  Corruptor  
  52  7:59  Drone x2, Spore Crawler  
  52  8:03  Drone  
  52  8:05  Drone  
  55  8:13  Drone  
  55  8:16  Drone  
  57  8:24  Drone  
  57  8:25  Drone x3  
  61  8:30  Drone  
  62  8:47  Drone x2  
  62  8:48  Drone  
  65  8:51  Queen  
  65  8:52  Drone x3  
  70  8:58  Drone x2  
  70  8:59  Evolution Chamber  
  70  9:00  Evolution Chamber  
  70  9:01  Drone x2  
  72  9:04  Drone  
  73  9:10  Drone x2  
  73  9:13  Overlord x2  
  75  9:24  Baneling  
  75  9:25  Baneling x15  
  75  9:26  Baneling  
  75  9:32  Drone x2  
  75  9:36  Zerg Melee Weapons Level 1  
  75  9:37  Zerg Ground Armor Level 1  
  77  9:44  Zergling x12  
  83  9:59  Drone  
  84  10:01  Corruptor x2  
  84  10:05  Overlord  
  84  10:06  Drone  
  89  10:10  Drone  
  90  10:23  Corruptor  
  90  10:24  Corruptor  
  90  10:25  Hatchery  
  93  10:31  Zerg Flyer Weapons Level 1  
  93  10:33  Overlord  
  93  10:35  Extractor  
  92  10:36  Drone x3  
  95  10:51  Overseer  
  91  11:24  Infestation Pit  
  90  11:26  Drone  
  90  11:30  Drone x2, Extractor  
  90  11:32  Drone x2  
  94  11:33  Drone  
  94  11:39  Overlord x4  
  95  11:40  Overlord  
  95  11:44  Zergling x2  
  95  11:45  Zergling x30  
  111  11:49  Baneling  
  111  11:50  Baneling x14  
  111  11:51  Overlord x2  
  111  11:52  Overlord  
  111  11:59  Queen  
  111  12:00  Drone  
  114  12:06  Baneling  
  114  12:07  Baneling x7  
  114  12:09  Zergling x14  
  114  12:10  Zergling x6  
  124  12:24  Hive  
  124  12:38  Zerg Melee Weapons Level 2  
  124  12:44  Drone x3  
  121  12:58  Drone  
  122  13:12  Zergling x2  
  123  13:13  Zergling x12  
  123  13:14  Zergling x18  
  126  13:33  Zergling x4  
  126  13:34  Zergling x18  
  95  13:42  Baneling  
  95  13:43  Baneling x13  
  95  13:44  Baneling x16  
  95  13:46  Zergling x8  
  97  14:06  Corruptor  
  97  14:07  Corruptor  
  72  14:42  Extractor  
  72  14:43  Extractor  
  72  14:45  Drone x3  
  73  14:49  Corruptor x4  
  73  14:50  Corruptor  
  73  14:51  Queen  
  85  14:55  Drone x3  
  85  14:57  Corruptor  
  90  15:02  Zergling x12  
  96  15:25  Ultralisk Cavern  
  95  15:31  Baneling x8  
  95  15:32  Baneling  
  95  15:33  Zergling x10  
  95  15:34  Zergling x14  
  87  15:47  Baneling  
  87  15:48  Baneling x2  
  76  15:55  Zergling x6  
  76  15:56  Zergling x2  
  65  16:20  Corruptor  
  65  16:21  Corruptor x2  
  65  16:23  Zergling x6  
  64  16:32  Zergling x6  
Show
View Real Time Build Order
Export as new Build Order

PHs Terran 

Build Orders: Command Center First (CC) 

Get SALT Encoding   

  12  0:00  SCV  
  13  0:12  SCV  
  14  0:23  Supply Depot  
  14  0:28  SCV  
  15  0:45  SCV  
  16  0:57  SCV  
  16  1:02  Command Center  
  17  1:09  SCV  
  18  1:17  Barracks  
  18  1:21  SCV  
  18  1:48  Barracks  
  18  1:52  Barracks  
  18  1:54  Barracks  
  18  2:03  SCV  
  19  2:14  Orbital Command  
  19  2:19  Orbital Command  
  19  2:34  Refinery  
  19  2:35  Refinery  
  19  2:37  Marine  
  19  2:38  Marine  
  19  2:42  SCV  
  22  2:50  SCV  
  23  2:53  Marine  
  23  2:54  SCV  
  23  2:55  Marine  
  26  2:58  Marine  
  26  3:02  Marine  
  28  3:13  Supply Depot  
  28  3:17  Marine x2  
  28  3:18  Marine  
  31  3:26  SCV  
  33  3:27  SCV  
  33  3:36  Barracks Tech Lab  
  33  3:37  Barracks Reactor, Barracks Tech Lab  
  33  3:38  Barracks Reactor, SCV  
  33  3:39  SCV  
  35  3:51  SCV x2  
  37  3:57  Marauder  
  37  3:58  Marauder  
  37  4:18  Marine x2  
  36  4:31  Engineering Bay  
  36  4:32  Marine  
  36  4:34  Marine  
  36  4:36  Marine x2  
  40  4:54  Marauder  
  40  4:55  Marauder  
  40  4:56  Marine  
  40  4:57  Marine  
  46  5:01  Marine  
  46  5:30  Engineering Bay  
  46  5:40  SCV x2  
  46  5:41  Marauder x2, Terran Infantry Weapons Level 1  
  52  5:47  Supply Depot x2  
  52  5:53  SCV x2  
  54  6:05  SCV x2  
  54  6:17  SCV  
  55  6:19  Command Center  
  53  6:54  Marauder, Marine x4  
  52  6:55  Marauder  
  60  7:12  Marine x3  
  60  7:16  Marauder x2  
  42  7:30  Missile Turret x2  
  42  7:37  Marauder x2  
  42  7:40  Terran Infantry Armor Level 1, Missile Turret  
  42  7:41  Refinery  
  42  7:44  Refinery  
  46  7:46  Missile Turret  
  46  7:51  SCV  
  46  7:52  Missile Turret  
  47  7:59  Marauder  
  47  8:02  Missile Turret  
  47  8:03  SCV  
  50  8:06  SCV  
  51  8:13  SCV  
  51  8:16  SCV  
  51  8:18  SCV  
  54  8:25  SCV  
  55  8:28  SCV, Missile Turret  
  55  8:30  SCV  
  55  8:33  Stimpack, Combat Shield  
  57  8:37  SCV  
  57  8:40  SCV  
  57  8:41  Factory  
  59  8:42  SCV  
  60  8:49  SCV  
  60  8:52  SCV  
  60  8:55  SCV  
  63  9:01  SCV  
  64  9:04  SCV  
  64  9:07  SCV  
  66  9:11  Barracks  
  66  9:13  SCV  
  66  9:16  SCV, Barracks  
  68  9:19  SCV  
  69  9:27  Refinery  
  69  9:28  SCV  
  69  9:29  Refinery, Command Center  
  70  9:32  Factory Tech Lab  
  70  9:37  Armory  
  70  9:40  SCV  
  70  9:41  Starport  
  71  9:48  Marine  
  71  9:49  Marauder x2, Marine x3  
  71  9:52  SCV  
  80  10:02  SCV  
  80  10:03  SCV  
  80  10:04  SCV  
  80  10:06  Marine x2  
  84  10:07  Marine  
  84  10:10  Marauder  
  84  10:11  Marauder  
  90  10:14  SCV  
  90  10:15  SCV  
  90  10:17  SCV, Supply Depot  
  90  10:19  Starport Reactor  
  90  10:21  Supply Depot  
  93  10:25  Terran Infantry Weapons Level 2  
  93  10:30  Terran Infantry Armor Level 2  
  93  10:35  Planetary Fortress  
  93  10:38  SCV  
  93  10:39  SCV, Marauder, Siege Tank  
  99  10:50  Barracks Reactor, Barracks Tech Lab  
  99  10:55  Terran Vehicle Weapons Level 1  
  99  10:59  SCV  
  99  11:00  SCV  
  101  11:04  Medivac  
  101  11:05  Medivac  
  105  11:11  SCV  
  105  11:12  SCV, Supply Depot  
  105  11:13  Marine x2  
  105  11:14  Marauder, Marine, Supply Depot  
  112  11:18  Missile Turret  
  112  11:23  Planetary Fortress  
  112  11:24  SCV  
  113  11:30  Siege Tank  
  113  11:31  Marine  
  113  11:32  Marauder, Marine  
  120  11:34  Marine  
  120  11:35  Marine  
  120  11:36  Marine  
  120  11:37  Marine  
  120  11:38  Supply Depot x2  
  124  11:41  Missile Turret  
  124  11:45  Medivac  
  124  11:46  Marine x2, Medivac  
  130  11:49  Marine  
  131  12:00  Supply Depot  
  131  12:03  Supply Depot  
  131  12:04  Concussive Shells  
  131  12:08  Marine x2  
  131  12:09  Marauder x3, Marine x2  
  131  12:14  Siege Tank  
  144  12:21  SCV  
  145  12:32  SCV  
  145  12:33  SCV x3  
  149  12:39  Marine  
  149  12:40  Refinery, Marine  
  149  12:41  Refinery  
  149  12:44  SCV  
  152  12:45  SCV x3  
  152  12:46  Siege Tank  
  152  12:47  Terran Infantry Weapons Level 3  
  152  12:49  Terran Vehicle And Ship Armor Level 1  
  158  12:53  Terran Infantry Armor Level 3  
  158  12:56  SCV  
  158  12:57  SCV x3  
  162  13:08  Viking x2  
  162  13:09  SCV, Marine x3  
  162  13:10  Marauder, Marine x2  
  174  13:19  Siege Tank  
  151  13:41  Marine  
  151  13:42  Marauder x2, Marine x4  
  151  13:43  Marauder, Marine  
  157  13:59  Marine  
  157  14:00  Marine x4  
  157  14:01  Marine  
  132  14:03  Marauder  
  132  14:04  Marauder x2  
  124  14:10  Liberator x2  
  124  14:12  Thor  
  132  14:17  Marine x2  
  132  14:18  Marine x2  
  136  14:25  Marauder x3  
  136  14:30  Marine x2  
  144  14:35  Marine x3  
  144  14:36  Marine  
  148  14:46  Marauder x2, Supply Depot  
  148  14:47  Marauder  
  148  14:48  Marine x2  
  156  14:52  Liberator  
  156  14:53  Liberator  
  156  14:54  Thor  
  167  15:08  Marauder x3  
  166  15:29  Marauder x3  
  156  15:48  Marine x2  
  156  15:49  Marine x4  
  161  15:50  Marauder  
  161  15:51  Marauder x2  
  150  16:06  Marine x2  
  150  16:07  Marine x4  
  107  16:12  Marauder x3  
  99  16:24  Marine x3  
  99  16:25  Marine x3  
Tags
 
Add a new tag
Caveats
  • Supply blocks, unpowered buildings, or Contaminate may cause inaccurate times.
  • Supply counts are checked every 10 seconds.